[Event "8th Montevideo Open 2025"]
[Site "Montevideo"]
[Date "2025.02.07"]
[Round "7.1"]
[White "Coro, Lucas"]
[Black "Coppola, Claudio"]
[Result "1-0"]
[Annotator "TA"]
[ECO "C78"]
[WhiteElo "2415"]
[BlackElo "2220"]
[PlyCount "65"]
[EventDate "2025.02.01"]
[EventType "swiss"]
[EventCountry "URU"]
[SourceTitle "playchess.com"]
[Source "ChessBase"]
[SourceQuality "1"]
[TimeControl "5400+30"]

1. e4 e5 2. Nf3 Nc6 3. Bb5 a6 4. Ba4 Nf6 5. O-O b5 6. Bb3 Bc5 {[%emt 0:00:14] is now debated instead of 6...Be7.} 7. a4 Rb8 {[%emt 0:01:39] C78: Ruy Lopez: Archangelsk and Möller Defences.} 8. Nxe5 Nxe5 9. d4 Bxd4 {[%emt 0:01:29] The position is equal.} 10. Qxd4 d6 11. axb5 axb5 12. f3 c5 13. Qf2 c4 $146 (13... O-O 14. Bg5 h6 15. Bh4 Be6 16. Nc3 c4 17. Ba2 b4 18. Ne2 Ra8 19. Nd4 g5 {0-1 Bernadskiy,V (2572)-Kalogeris,I (2429) Prague op 2024 (6)}) 14. Ba2 b4 15. f4 Neg4 (15... Nxe4 16. Qe3 Qb6 17. Qxb6 (17. fxe5 b3 $16) 17... Rxb6 18. Re1 $14 (18. fxe5 b3 $16)) 16. Qd4 O-O 17. Bxc4 (17. Qxc4 $2 Qb6+ 18. Kh1 d5 $19 (18... Ba6 19. Qxa6 Qxa6 20. Bxf7+ Rxf7 21. Rxa6 $11)) 17... Bb7 {[%emt 0:07:34] Black sacrificed a pawn} (17... Nxe4 $11 {remains equal.} 18. Qxe4 Qb6+ 19. Kh1 Nf2+ 20. Rxf2 Qxf2) 18. Nd2 {[%emt 0:07:40] White is more active.} (18. h3 {seems wilder.} Nxe4 19. hxg4 Qh4 20. Nd2) 18... d5 19. exd5 (19. Be2 {simplifies} dxe4 20. Qxd8 Rfxd8 21. Nc4) 19... Nxd5 20. Nf3 Nb6 {[%emt 0:10:56] [#] aiming for ...Qxd4+.} 21. Bb3 (21. Bd3 $142 $1) 21... Re8 22. h3 (22. Qxb4 Bxf3 23. gxf3 (23. Rxf3 Qh4 $15) 23... Nxh2 24. Bxf7+ (24. Kxh2 Qh4+ 25. Kg1 Re2 26. Bxf7+ Kh8) 24... Kxf7 25. Ra7+ Kg8 $15) 22... Bxf3 (22... Qxd4+ $16 23. Nxd4 Nf6) 23. Qxd8 $18 (23. Qxb4 Be2 24. hxg4 Bxf1 25. Kxf1 Qd1+ 26. Kf2 Re2+ (26... Qxg4 $2 27. Qb5 $19) 27. Kg3 Rc8 $19) 23... Rbxd8 24. gxf3 (24. Rxf3 Re1+ 25. Rf1 Rdd1 $11) 24... Nh6 25. Kf2 Re7 $2 {[%emt 0:07:08] A mistake that costs the game.} (25... Nf5 $16 26. Ra6 Nc8) 26. Be3 Nd7 27. Rfe1 Nf5 28. Ra5 g6 29. Bd2 {[%emt 0:00:12][%cal Oa5f5] [#] Rxf5! is the strong threat. A strong pair of Bishops.} Rxe1 (29... Nc5 $16 30. Bxb4 Nxb3 31. Rxe7 (31. Bxe7 $2 {too greedy.} Rd2+ 32. Kf1 Nxa5 $19) (31. cxb3 Rb7 $16) 31... Nxa5 32. Bxa5 Ra8 (32... Rb8 $2 33. Rd7 $18)) 30. Bxe1 Nd4 31. Rd5 Nc6 (31... Nxb3 {is a better defense.} 32. cxb3 Kf8 33. Bxb4+ Ke8) 32. Rd6 Na5 (32... Ndb8 33. Rxd8+ Nxd8 34. Bxb4 Nbc6) 33. Ba4 {[%emt 0:00:26] Weighted Error Value: White=0.16 (very precise) /Black=0.46  Loses game:     	---       	Black=1      Mistake:       	White=1     	Black=5      Inaccurate:     	White=1     	Black=1      OK:         	White=8     	Black=9      Best:        	White=2     	Black=1} (33. Bxb4 Nxb3 34. cxb3 Rb8 $18) 1-0

[Event "8th Montevideo Open 2025"]
[Site "Montevideo"]
[Date "2025.02.07"]
[Round "7.2"]
[White "Vazquez, Facundo"]
[Black "Larrea, Manuel"]
[Result "1/2-1/2"]
[Annotator "TA"]
[ECO "E94"]
[WhiteElo "2404"]
[BlackElo "2265"]
[PlyCount "87"]
[EventDate "2025.02.01"]
[EventType "swiss"]
[EventCountry "URU"]
[SourceTitle "playchess.com"]
[Source "ChessBase"]
[SourceQuality "1"]
[TimeControl "5400+30"]

1. d4 Nf6 2. c4 g6 3. Nc3 Bg7 4. e4 d6 5. Be2 O-O 6. Bg5 Na6 7. Nf3 h6 8. Be3 Ng4 9. Bc1 e5 10. O-O Qe8 11. h3 Nf6 12. dxe5 dxe5 13. Be3 b6 14. Qb1 Bb7 15. a4 (15. b4 $14) 15... Nc5 $11 {[%emt 0:15:01] The position is equal.} 16. Bxc5 bxc5 17. Nd5 Nxd5 18. cxd5 c6 19. d6 Qe6 20. Rd1 Rfd8 21. Qc2 Rxd6 22. Bc4 Rxd1+ $1 23. Rxd1 Qe7 24. Qd3 {[%emt 0:09:42] Black is weak on the light squares} Bf6 25. Qd7 {[%emt 0:01:14] Hoping for Qxe7.} Kf8 26. a5 $36 {[%emt 0:01:22][%mdl 2048] White fights for an advantage.} Bc8 27. Qxc6 {[%emt 0:07:59] White is much more active.} Bb7 28. Qb5 {[%emt 0:02:13] And now Rd7 would win.} a6 {[%emt 0:00:10] [#]} 29. Qb6 (29. Qa4 $1 $16 {Black must now prevent Rd7.} Bc8 30. Qb3) 29... Bxe4 30. Bxa6 Kg7 31. Bb5 Ra7 {[%emt 0:03:38] Prevents Rd7.} (31... Qb7 $11 {keeps the balance.}) 32. a6 $16 Ba8 33. Nd2 e4 {[%emt 0:02:45][%cal Oe4e3] ...e3! is the strong threat.} 34. Nc4 Bd4 $2 {[%emt 0:00:32][%mdl 8192] [#]} (34... e3 $16 {was worth a try.} 35. Nxe3 (35. fxe3 Bxb2 36. Rd6 Bc3 $16) 35... Be5) 35. Rxd4 $3 $18 cxd4 36. Qxd4+ Kh7 37. Nb6 (37. Nd6 $142 Rc7 38. Ne8 Rc1+ 39. Kh2) 37... Qc7 (37... Qg5 $142 38. Nxa8 Rxa8 39. Qxe4 Qc1+ 40. Kh2 Qc7+ 41. g3 Rd8) 38. Nd7 $2 (38. b4 $18) 38... Qc1+ $11 39. Bf1 {[%emt 0:01:25] Intending Nf6+ and mate. Some like it hot} Rxa6 40. Nf6+ Rxf6 $1 41. Qxf6 Bd5 42. Qc3 {[%emt 0:01:46] Prevents Bc4} Qxc3 43. bxc3 f5 44. Bb5 {[%emt 0:00:34] Weighted Error Value: White=0.33/Black=0.29 (precise) .  Loses game:     	---       	Black=1      Missed win:     	White=1     	---        Mistake:       	White=3     	Black=2      Inaccurate:     	White=2     	Black=2      OK:         	White=8     	Black=12     Best:        	White=1     	Black=4      Strong:       	---       	Black=2      Brilliant:      	White=1     	---} 1/2-1/2

[Event "8th Montevideo Open 2025"]
[Site "Montevideo"]
[Date "2025.02.07"]
[Round "7.3"]
[White "Villegas, Franco"]
[Black "Mussanti, Diego"]
[Result "1-0"]
[Annotator "TA"]
[ECO "B69"]
[WhiteElo "2325"]
[BlackElo "2173"]
[PlyCount "99"]
[EventDate "2025.02.01"]
[EventType "swiss"]
[EventCountry "URU"]
[SourceTitle "playchess.com"]
[Source "ChessBase"]
[SourceQuality "1"]
[TimeControl "5400+30"]

1. e4 c5 2. Nf3 d6 3. d4 cxd4 4. Nxd4 Nf6 5. Nc3 Nc6 6. Bg5 e6 7. Qd2 Be7 8. O-O-O a6 9. f4 Bd7 10. Nf3 b5 11. Bxf6 gxf6 12. Bd3 Qb6 {[%emt 0:15:04] B69: Sicilian: Richter-Rauzer: 7...a6 8 0-0-0 Bd7 9 f4 Be7 10 Nf3 b5 11 Bxf6.} 13. f5 O-O-O 14. Ne2 Ne5 {[%emt 0:03:38] The position is equal.} 15. Nfd4 $146 (15. Kb1 $14) (15. Nf4 Kb8 16. Rhf1 Rhe8 17. Kb1 Rc8 18. Be2 Nc4 19. Bxc4 Rxc4 20. Rfe1 Rec8 21. fxe6 fxe6 {1-0 Flores Quillas,D (2359)-Korchmar,V (2438) Titled Tuesday intern op 7th Mar Late blitz 2023 (4)}) 15... Kb8 $11 16. c3 Nxd3+ (16... b4 17. Kb1 Rdg8 18. g3 bxc3 19. Qxc3 Rc8) 17. Qxd3 Rhe8 18. Rhf1 Qb7 19. Kb1 e5 20. Nb3 Bc6 21. Ng3 Qb6 {[%emt 0:01:37] Repels Na5} 22. Qf3 $1 a5 23. Rd3 a4 24. Nd2 (24. Na1 $5) 24... Qb7 25. c4 Bf8 26. Qe3 Qa7 (26... Rc8 $11 27. Rd1 Ka8) 27. Qe2 (27. Qxa7+ $1 $14 Kxa7 28. Rc1) 27... bxc4 $15 28. Nxc4 Bb5 $1 (28... d5 29. exd5 e4 30. Nxe4 Bxd5 31. Qc2 $17) 29. Rc1 Qa6 (29... Rc8 $15 30. Rdc3 Qa6) 30. Rd5 (30. b3 $1 $11 {keeps the balance.}) 30... Rc8 $17 31. b3 Rc6 (31... Re7 $17 {...axb3 would now be deadly.} 32. Qe3 (32. Rxd6 $2 Qxd6 33. Nxd6 Rxc1+ 34. Kxc1 Bxe2 $19) 32... axb3 33. axb3 Rb7) 32. Qd2 $11 Bxc4 (32... Rec8 {simplifies} 33. Qb4 Rc5 34. bxa4 Qxa4 35. Qxa4 Bxa4 36. Rxc5 Rxc5 37. Ne3 Rb5+) 33. Rxc4 (33. Qb4+ {is interesting.} Rb6 34. Qxc4 axb3 35. a4) 33... Rxc4 34. bxc4 Kc7 $2 {[%emt 0:03:38] Black is weak on the light squares} (34... Qxc4 $11 {and Black stays safe.} 35. Qa5 Re7 36. Rb5+ (36. Rxd6 Rb7+ 37. Rb6 Qd3+ 38. Ka1 Qd4+ 39. Kb1 Rxb6+) (36. Qd8+ Kb7 $17) 36... Qxb5+ 37. Qxb5+ Rb7 38. Qxb7+ Kxb7) 35. Rb5 $36 {[%emt 0:00:22][%mdl 2048] White is in control.} Rb8 {[%emt 0:01:59] [#]} 36. Qd5 Rxb5+ 37. cxb5 {[%emt 0:00:05][%mdl 4096] Endgame KQB-KQN} Qa5 (37... Qc8 38. Qc4+ (38. Qxf7+ Kb6 $14) 38... Kb8 39. Qxc8+ (39. Qxf7 Bh6 $16) (39. Qxa4 Qc5 $16) 39... Kxc8) 38. Kc2 Be7 39. Qc6+ Kd8 40. Kd1 Qb4 $2 {[%emt 0:00:34] [#]} (40... Qc7) 41. b6 $1 {[%emt 0:00:35] b7 is the strong threat.} Qb1+ 42. Ke2 Qxa2+ 43. Kf3 Qb3+ 44. Kf2 (44. Kg4 $142 Qd1+ 45. Kh4) 44... d5 45. Qc7+ (45. Qxd5+ $2 {perishes.} Qxd5 46. exd5 a3 $19 (46... Bc5+ $2 47. Ke2 $19)) (45. exd5 Qb4 46. Qc7+ Ke8 $16) 45... Ke8 46. Qc8+ Bd8 {[%emt 0:00:08] This costs Black the game.} 47. b7 {[%emt 0:00:03] White is clearly winning.} Qb2+ 48. Kf3 Qb3+ 49. Kg4 Qe3 50. h4 {[%emt 0:00:16] Weighted Error Value: White=0.51/Black=0.83  Loses game:     	---       	Black=1      Mistake:       	White=3     	Black=5      Inaccurate:     	White=3     	Black=4      OK:         	White=10    	Black=10     Best:        	---       	Black=1      Strong:       	White=2     	Black=1} (50. b8=B h5+ 51. Nxh5 (51. Kxh5 $2 Qg5#) 51... Qg5+ (51... dxe4 52. Qc6+ Kf8 53. Bd6+ Kg8 54. Qe8+ Kh7 55. Qxf7+ Kh8 56. Qg7#) 52. Kh3 Qxh5+ 53. Kg3 Qg5+ (53... dxe4 54. Qc6+ Kf8 55. Bd6+ Kg7 56. Qxe4 $17) 54. Kh3 Qh6+ (54... dxe4 55. Qc6+ Kf8 56. Bd6+ Kg7 57. Qxe4 $17) 55. Kg4 Qd2 $19 (55... dxe4 $2 56. Qc6+ Kf8 57. Bd6+ Kg7 58. Qxe4 $19) (55... Qxh2 $2 56. Qc2 $19)) ({And not} 50. b8=R Qf4+ 51. Kh3 Qh6+ $11) 1-0

[Event "8th Montevideo Open 2025"]
[Site "Montevideo"]
[Date "2025.02.07"]
[Round "7.4"]
[White "Shoker, Samy"]
[Black "De Lima, Adriano Gaspar"]
[Result "1-0"]
[Annotator "TA"]
[ECO "A05"]
[WhiteElo "2446"]
[BlackElo "2073"]
[PlyCount "85"]
[EventDate "2025.02.01"]
[EventType "swiss"]
[EventCountry "URU"]
[SourceTitle "playchess.com"]
[Source "ChessBase"]
[SourceQuality "1"]
[TimeControl "5400+30"]

1. Nf3 Nf6 2. g3 g6 3. Bg2 Bg7 4. O-O O-O 5. d3 d6 6. c3 e5 7. e4 c5 8. a3 Nc6 9. b4 b6 {[%emt 0:01:26] The position is equal.} 10. Nbd2 h6 11. Bb2 Be6 12. b5 Ne7 13. d4 Nd7 {[%emt 0:03:37] [#]} (13... a6 $11) 14. h3 (14. d5 $1 $16 Bg4 15. h3 Bxf3 16. Qxf3 (16. Bxf3 f5 $14)) 14... exd4 $11 15. cxd4 d5 16. Re1 dxe4 17. Nxe4 Rc8 18. Qe2 {[%emt 0:08:49] dxc5 is the strong threat.} Nf5 19. dxc5 Nxc5 20. Rad1 Qe7 21. Nxc5 (21. Bxg7 $14 Nxg7 22. a4) 21... Qxc5 (21... Rxc5 $11 22. Bxg7 Kxg7) 22. g4 $14 Bc4 23. Qd2 Bxb2 24. Qxb2 {[%emt 0:01:09] [#] aiming for Re5.} Ng7 25. a4 $36 {[%emt 0:14:49][%mdl 2048] White is in control.} Be6 {[%emt 0:12:00] Wards off Rd7} 26. Ne5 {[%emt 0:00:39] White is more active.} Rcd8 {[%emt 0:02:29] White stays focused until the end.} ({Black should play} 26... Qc3 $14 27. Qb1 Rfd8) 27. Nc6 $16 Rxd1 28. Rxd1 Qc4 (28... Re8 $16) 29. Rd4 (29. Nxa7 $6 Qxa4 30. Ra1 Qc4 $14) 29... Qb3 30. Qd2 (30. Qxb3 Bxb3 31. Bd5 (31. Nxa7 Ne6 $16) 31... Bxd5 32. Rxd5 Ne6 $16) 30... h5 (30... Kh7 $142 31. Nxa7 h5) 31. Nxa7 Kh7 32. Nc6 Ra8 33. Rb4 Qa3 34. Qd4 Qc1+ (34... hxg4 {was necessary.} 35. hxg4 (35. Qxb6 gxh3 36. Rh4+ Nh5 $11) 35... f5 36. gxf5 (36. Qxb6 Rxa4 37. Qe3 Qa1+ 38. Kh2 Rxb4 $18) 36... Qc1+ 37. Bf1 Qg5+ 38. Qg4 Qxg4+ 39. Rxg4 Nxf5) 35. Bf1 (35. Kh2 $18) 35... hxg4 36. hxg4 f5 $2 (36... Qh6 37. Qf6 (37. Qxb6 Bd5 $11) 37... Rh8) 37. Qxb6 $18 fxg4 38. Qe3 Qa1 39. b6 Bc8 40. b7 Bxb7 41. Rxb7 {[%emt 0:00:06] White threatens Qg5 and mate.} Qxa4 42. Qe7 Qa1 43. Ne5 {[%emt 0:00:19] Weighted Error Value: White=0.18 (very precise) /Black=0.49.  Mistake:       	White=3     	Black=7      Inaccurate:     	White=1     	Black=4      OK:         	White=15    	Black=8      Best:        	White=1     	Black=3} 1-0

[Event "8th Montevideo Open 2025"]
[Site "Montevideo"]
[Date "2025.02.07"]
[Round "7.5"]
[White "Villca, Julian"]
[Black "Carbone, Diego"]
[Result "1-0"]
[Annotator "TA"]
[ECO "A13"]
[WhiteElo "2413"]
[BlackElo "2216"]
[PlyCount "129"]
[EventDate "2025.02.01"]
[EventType "swiss"]
[EventCountry "URU"]
[SourceTitle "playchess.com"]
[Source "ChessBase"]
[SourceQuality "1"]
[TimeControl "5400+30"]

1. c4 e6 2. Nf3 d5 3. e3 Nf6 4. b3 Bd6 5. Nc3 O-O 6. Bb2 {[%emt 0:01:16] A13: English Opening: 1...e6.} Nc6 7. d4 dxc4 8. Bxc4 {[%emt 0:00:09] The position is equal.} e5 9. d5 Ne7 10. h3 $146 (10. Qc2 Bf5 11. e4 Bg4 12. O-O-O c6 13. dxc6 Nxc6 14. Nb5 Bc5 15. Rxd8 {1-0 Schnatz,W-Baer,W DESC SZ071 email 2008}) 10... Ng6 11. Qc2 a6 12. a4 Re8 13. Nd2 h6 14. e4 (14. O-O $11 {keeps the balance.}) 14... Bd7 $17 15. O-O ({White has to play} 15. Be2 $1 $15) 15... Nf4 {[%emt 0:04:05][%cal Od7h3] Black attacks} 16. Rfe1 {[%emt 0:01:10] [#]} Bxh3 $1 17. gxh3 Nxh3+ 18. Kf1 Ng4 19. Ke2 Qh4 (19... Nhxf2 $6 20. Nf3 $15) (19... Bc5 $142 20. Nf3 Nf4+ (20... Nhxf2 21. Rg1 $15) 21. Kd1 Bxf2 (21... Nxf2+ 22. Kc1 $14)) 20. Kd1 Nhxf2+ (20... Qxf2 $6 21. Nf1 $11) 21. Kc1 Nd3+ (21... b5 {keeps more tension.} 22. Bf1 Nd3+ 23. Qxd3 Qxe1+ 24. Nd1 Nf2) 22. Bxd3 (22. Qxd3 Qxe1+ 23. Nd1) 22... Qxe1+ 23. Qd1 Qxd1+ 24. Nxd1 h5 25. Be2 (25. Nc4 $142) 25... Nf6 26. Ne3 Bc5 27. Nec4 Bd4 28. Kc2 Bxb2 29. Kxb2 g5 (29... g6 $17 30. a5 Kg7) 30. Rf1 $15 Kg7 31. Rf5 g4 32. Nxe5 (32. Rxe5 Rxe5 33. Nxe5 Re8 $19) 32... Re7 33. Bd3 ({White should play} 33. Kc3 $15) 33... Rh8 (33... Rae8 $1 $19 34. Rg5+ Kh6) 34. Nf1 (34. Kc3 $15) 34... a5 (34... Kf8 $1 35. Kc3 h4 36. Ng6+ (36. Kd4 g3 $17) 36... fxg6 37. Rxf6+ Rf7 38. Rxg6 (38. Rxf7+ $2 Kxf7 39. Be2 g3 $19) 38... Rf4) 35. Kc3 Nd7 (35... h4 $17 {...g3 would now be deadly.} 36. Kd4 g3 37. Rg5+ Kf8) 36. Nxd7 $11 Rxd7 37. Kd4 $132 {[%emt 0:00:16][%mdl 2048] White is fighting back} f6 38. Ng3 Kg6 (38... h4 $14 39. Nh5+ Kf8) 39. e5 $16 fxe5+ 40. Rxe5+ Kf7 41. Nxh5 {[%emt 0:00:13] White has more active pieces.} (41. Rxh5 Rxh5 42. Nxh5 c6 $14) 41... c6 (41... Rd6 $16 42. Bc4 Kg6) 42. Rf5+ (42. Bc4 $18) 42... Ke7 43. Nf4 Rg8 {[%emt 0:00:42] Inhibits Ng6+.} 44. Re5+ (44. Be4 $16) 44... Kd8 (44... Kd6 $14) 45. Bf5 $18 {[%emt 0:00:13][%cal Of5e6] Threatens to win with Be6!.} Rd6 (45... g3 $16) 46. Kc5 $1 Rf6 47. Ne6+ $1 Kc8 48. Nd4+ (48. dxc6 g3 49. Nf4+ Kb8 $16) 48... Kb8 49. d6 $2 (49. dxc6 g3 50. Be4) 49... g3 50. d7 (50. Bh3 $1 $18) 50... Rff8 $2 (50... Kc7 $14 51. Re8 Rxf5+ 52. Kc4 (52. Nxf5 b6+ 53. Kd4 Rg4+ 54. Kc3 Kxd7 $18) 52... Rc5+ (52... b5+ $2 53. axb5 $18) 53. Kd3 (53. Kxc5 Rg5+ 54. Kc4 Kxd7 $11) 53... Rd5 54. Rxg8 c5) 51. Bh3 Rd8 52. Kd6 Rh8 53. Ne6 $2 (53. Bf1 Rxd7+ 54. Kxd7) 53... Rxd7+ 54. Kxd7 Rxh3 {[%emt 0:00:07][%mdl 4096] Endgame [#] KRN-KR} (54... Rh7+ {is a better defense.} 55. Kd6 Rxh3) 55. Rg5 $1 ({Much less strong is} 55. Rxa5 Rh7+ 56. Kd6 b5 $18) 55... g2 56. Rxg2 $2 (56. Rg8+ $18 Ka7 57. Rxg2) 56... Rxb3 $2 ({Better is} 56... Rd3+ $14 57. Ke7 Rxb3) 57. Rg8+ Ka7 58. Kc7 {[%emt 0:00:14] White threatens Rb8 and mate.} Rh3 {[%emt 0:01:11] [#]} (58... Re3 $18) 59. Rg7 $1 Rh4 60. Nc5 Rc4 61. Nxb7 {[%emt 0:00:16] White mates.} Ka6 62. Rg8 Ka7 63. Nxa5 Rxa4 64. Nxc6+ Ka6 65. Rb8 {[%emt 0:00:11] Weighted Error Value: White=0.43/Black=0.74  Loses game:     	---       	Black=4      Missed win:     	White=1     	---        Mistake:       	White=10    	Black=10     Inaccurate:     	White=3     	Black=2      OK:         	White=12    	Black=13     Best:        	White=10    	Black=6      Strong:       	White=4     	---        Brilliant:      	---       	Black=1} 1-0

[Event "8th Montevideo Open 2025"]
[Site "Montevideo"]
[Date "2025.02.07"]
[Round "7.6"]
[White "Hoffman, Alejandro"]
[Black "Kulik, Nicolas"]
[Result "1-0"]
[Annotator "TA"]
[ECO "E71"]
[WhiteElo "2368"]
[BlackElo "1922"]
[PlyCount "51"]
[EventDate "2025.02.01"]
[EventType "swiss"]
[EventCountry "URU"]
[SourceTitle "playchess.com"]
[Source "ChessBase"]
[SourceQuality "1"]
[TimeControl "5400+30"]

1. d4 Nf6 2. c4 g6 3. Nc3 Bg7 4. e4 d6 5. h3 Nbd7 6. Bd3 e5 {[%emt 0:00:56] E71: King's Indian: 4 e4 d6 5 h3.} 7. d5 h5 8. Nf3 Nc5 {[%emt 0:04:55] White is better.} 9. Bc2 a5 10. Be3 b6 11. a3 $146 (11. Qd2 Bd7 12. Ng5 Qe7 13. O-O-O Nh7 14. Nxh7 Rxh7 15. f4 O-O-O 16. Rdf1 exf4 17. Bxf4 Bxc3 18. Qxc3 Nxe4 {0-1 Sander,D (1870)-Van der Hagen,L (2334) Helmond Rapid op 2024 (2)}) 11... Bh6 12. Bxh6 Rxh6 13. b4 Na6 14. Qd2 Rh8 15. O-O h4 16. Ne1 {[%emt 0:08:00] White is more active.} g5 17. Nd3 (17. Qxg5 $6 Bxh3 18. bxa5 (18. gxh3 $2 Rg8 $19) 18... Bxg2 19. Nxg2 h3 $11) 17... g4 (17... Nh5 $16) 18. Ba4+ Bd7 {[%emt 0:15:39] [#]} 19. Bxd7+ ({Better is} 19. f4 $1 $18 ) 19... Qxd7 $16 20. Qg5 $36 {[%emt 0:01:00][%mdl 2048] White is really pushing.} Ke7 {[%emt 0:13:56][%mdl 8192] [#] This costs Black the game.} (20... Qe7 $16) 21. Nxe5 $1 $18 dxe5 (21... Rhg8 22. Qxf6+) 22. Qxe5+ Kf8 23. Qxf6 Rg8 (23... Rh7 {might work better.} 24. e5 gxh3) 24. Qxh4 Re8 25. bxa5 Nc5 26. axb6 {[%emt 0:00:00] Weighted Error Value: White=0.26 (precise) /Black=0.65  Loses game:     	---       	Black=1      Mistake:       	White=1     	Black=2      Inaccurate:     	White=2     	Black=1      OK:         	White=10    	Black=5      Best:        	---       	Black=2      Brilliant:      	White=1     	---} 1-0

[Event "8th Montevideo Open 2025"]
[Site "Montevideo"]
[Date "2025.02.07"]
[Round "7.7"]
[White "Manteiga, Franco"]
[Black "Roselli Mailhe, Bernardo"]
[Result "0-1"]
[Annotator "TA"]
[ECO "E46"]
[WhiteElo "2029"]
[BlackElo "2342"]
[PlyCount "138"]
[EventDate "2025.02.01"]
[EventType "swiss"]
[EventCountry "URU"]
[SourceTitle "playchess.com"]
[Source "ChessBase"]
[SourceQuality "1"]
[TimeControl "5400+30"]

1. d4 e6 2. c4 Bb4+ 3. Nc3 Nf6 4. e3 O-O 5. Nge2 d5 6. a3 Bd6 7. c5 Be7 8. b4 b6 9. Nf4 c6 {[%emt 0:00:07] E46: Nimzo-Indian: Rubinstein: 4 e3 0-0 5 Ne2 without early Bd3.} 10. Be2 Nbd7 11. Nd3 Qc7 {[%emt 0:01:44] The position is equal.} 12. f4 a5 {[%emt 0:02:50] [#]} 13. Bd2 Ba6 14. O-O h6 $146 (14... Ne4 15. Nxe4 dxe4 16. Nf2 Bxe2 17. Qxe2 axb4 18. axb4 f5 19. Qc4 Kf7 20. Nxe4 b5 {0-1 Vaisser,A (2522)-Romanov,E (2624) EU-ch 12th Aix les Bains 2011 (7)}) 15. Kh1 axb4 16. axb4 Bc4 17. Rc1 Rfb8 18. Be1 bxc5 19. bxc5 Rb3 20. Ra1 Raa3 (20... Rxa1 $15 {was preferable.} 21. Qxa1 Ng4 22. Bxg4 Bxd3) 21. Qc1 Qa7 22. Bd2 Ne4 {[%emt 0:15:30] Black has more active pieces.} (22... Ng4 $5 23. Nb4 Rxa1 24. Qxa1 Qb7 25. Bxc4 dxc4 $11) 23. Nxe4 Rxa1 24. Qxa1 Qxa1 (24... Ra3 $1 $15 25. Qd1 (25. Qc1 Bxd3 26. Bxd3 Rxd3 $11) 25... Bxd3 (25... dxe4 26. Nb4 $17) 26. Bxd3 Rxd3) 25. Rxa1 $11 {[%emt 0:00:03][%cal Od3c1] Black must now prevent Nc1!.} dxe4 26. Nc1 Rb2 27. Bxc4 Rxd2 28. Nb3 Rc2 29. Na5 Bf6 (29... Nxc5 $5 30. dxc5 Bxc5 $15) 30. Kg1 (30. Rb1 $11) 30... Nxc5 $17 31. Rb1 Nd7 (31... Nd3 $17 32. Bb3 Rc3) 32. Rb7 (32. g3 $15) 32... Nf8 ({Black should try} 32... Bd8 $17 33. Bb3 (33. Nxc6 Bh4 $17) 33... Rc1+ 34. Kf2 Bxa5 35. Rxd7 g6) 33. Bb3 $11 Rc3 34. Nc4 Ng6 35. Kf2 Be7 36. Nd2 Rc1 37. Nxe4 c5 38. dxc5 Bxc5 39. Nxc5 Rxc5 $14 {[%emt 0:00:05][%mdl 4096] Endgame KRB-KRN} 40. Ba4 Rc8 41. g3 Kf8 42. Kf3 Ne7 43. e4 g6 44. Rb3 {[%emt 0:01:50] Prevents Rc3+.} Ra8 45. Bb5 Ra2 46. Be2 Nc6 47. Rd3 {[%emt 0:00:34] Repels Nd4+} e5 48. Re3 Nd4+ 49. Kf2 Ke7 50. Kf1 f6 51. h3 Kd6 {[%emt 0:00:16] ...Nxe2 would now be deadly.} 52. Bc4 Rc2 53. Bf7 g5 54. f5 Kc5 55. g4 (55. Ra3 $11 {and White has nothing to worry.}) 55... Kb4 $19 56. Bd5 {[%emt 0:00:21] [#]} Rc3 $1 57. Kf2 {[%emt 0:00:31] Now White is beyond hope.} (57. Re1 $17) 57... Rxe3 58. Kxe3 {[%emt 0:00:01] KB-KN} Kc3 59. Bb7 Nc2+ 60. Ke2 Kd4 61. Kf3 Ne1+ 62. Kf2 Nd3+ 63. Kf3 Nf4 64. Kg3 Ke3 65. h4 Ne2+ 66. Kh3 Kf3 67. hxg5 hxg5 68. Ba6 Nf4+ 69. Kh2 Kxg4 {[%emt 0:00:08] Weighted Error Value: White=0.28 (precise) /Black=0.13 (very precise)   Loses game:     	White=1     	---        Mistake:       	White=3     	Black=4      Inaccurate:     	White=8     	Black=5      OK:         	White=17    	Black=17     Best:        	White=2     	Black=5      Strong:       	---       	Black=1} 0-1